 Dungeon Crawl Stone Soup version 0.17.1-1-g73c8601 (webtiles) character file.

76 DeXoteric the Stinger (level 4, -3/24 HPs)
             Began as a Gargoyle Venom Mage on Dec 28, 2015.
             Slain by an adder (4 damage)
             ... on level 2 of the Dungeon.
             The game lasted 00:07:10 (2320 turns).

DeXoteric the Stinger (Gargoyle Venom Mage)         Turns: 2320, Time: 00:07:11

Health: -3/24      AC:  5    Str: 11    XL:     4   Next: 32%
Magic:  1/7        EV: 12    Int: 17    God:
Gold:   58         SH:  0    Dex: 10    Spells: 2 memorised, 4 levels left

rFire  . . .     SeeInvis .     d - +0 morningstar
rCold  . . .     Clarity  .     a - +0 robe
rNeg   + . .     SustAt   .     (no shield)
rPois  ∞         Gourm    .     (no helmet)
rElec  +         Spirit   .     (no cloak)
rCorr  .         Warding  .     (no gloves)
rMut   .         Stasis   .     (no boots)
MR     .....                    (no amulet)
Stlth  ++........               (no ring)
                                (no ring)

@: not resistant to hostile enchantments, unstealthy
A: negative energy resistance 1, electricity resistance, unbreathing,
petrification resistance, rot immunity, AC +3
a: no special abilities


You were on level 2 of the Dungeon.
You were not hungry.

You visited 1 branch of the dungeon, and saw 2 of its levels.

You collected 58 gold pieces.

Inventory:

Hand Weapons
 d - a +0 morningstar (weapon)
 i - a +0 dagger
Armour
 a - a +0 robe (worn)
Scrolls
 f - 3 scrolls of identify {unknown}
 j - a scroll of fog {unknown}
 n - a scroll of blinking {unknown}
Potions
 e - 2 potions of agility {unknown}
 h - a potion of might {unknown}
 l - a potion of brilliance {unknown}
Books
 b - a Young Poisoner's Handbook

   Spells                             Type                      Level
   a - Sting                          Conjuration/Poison           1
   b - Cure Poison                    Poison                       2
   c - Mephitic Cloud                 Conjuration/Poison/Air       3
   d - Olgreb's Toxic Radiance        Poison                       4
   e - Venom Bolt                     Conjuration/Poison           5
Comestibles
 c - 2 bread rations
 g - a beef jerky
 k - a chunk of flesh
 m - a meat ration


   Skills:
 - Level 1.5 Dodging
 - Level 2.1 Stealth
 + Level 2.5 Spellcasting
 + Level 2.0 Conjurations
 + Level 1.0 Air Magic
 + Level 4.6 Poison Magic


You had 4 spell levels left.
You knew the following spells:

 Your Spells              Type           Power        Failure   Level  Hunger
a - Mephitic Cloud        Conj/Pois/Air  ##......     21%         3    ###....
z - Sting                 Conj/Pois      ##..         6%          1    #......


Dungeon Overview and Level Annotations

Branches:
Dungeon (2/15)

Altars:


Innate Abilities, Weirdness & Mutations

You are resistant to torment.
Your stone body is resilient (AC +3).
You are immune to poison.
You resist negative energy.
You are resistant to electric shocks.
You can survive without breathing.
You are immune to petrification.
You are immune to rotting.


Message History

The adder barely misses you. The adder closely misses you.
Aim: an adder (moderately wounded)
The sting misses the adder.
The sting hits the gnoll.
The gnoll is poisoned.
The adder closely misses you.
You now have 1/7 mp.
The adder misses you.
The gnoll hits you from afar with a spear.
* * * LOW HITPOINT WARNING * * *
You take 3 damage, and have 5/24 hp.
The adder closely misses you. The adder bites you.
* * * LOW HITPOINT WARNING * * *
You take 3 damage, and have 3/24 hp.
Aim: an adder (moderately wounded)
The sting misses the adder.
The adder bites you.
* * * LOW HITPOINT WARNING * * *
You take 2 damage, and have 1/24 hp.
You now have 1/7 mp.
The adder bites you.
You die...

#.# #.# #.........
#.####.# #.######## #.#
#......# #.# #.# #..#####
#.# #.# #..# #.# #.# #..#
###.###### #.# #..#
#........#####.# ##..#
#######.#..###........
#...#
#..gS9..##.#..........
### #.#.#
#.########.#.#######.#
..# #)#)# #.# #.#.# #.#
#÷###.#.####g# #.#g# #.#
#............########.#.#
#.#
#.......####...g......#.#
#.#
#.###........######.....#
#.# #.# ##########
#.##### #.# #.# #.#


You could see a gnoll and an adder.

Vanquished Creatures
  A gnoll (D:2)
  3 adders (D:2)
  A worm (D:2)
  2 giant geckos (D:1)
  3 ball pythons
  6 bats
  3 hobgoblins
  8 kobolds
  A quokka (D:2)
  A giant newt (D:2)
  4 goblins
  A rat (D:2)
34 creatures vanquished.

Vanquished Creatures (others)
  5 toadstools (D:1)
5 creatures vanquished.

Grand Total: 39 creatures vanquished

Notes
Turn   | Place    | Note
--------------------------------------------------------------
     0 | D:1      | DeXoteric the Gargoyle Venom Mage began the quest for the Orb.
     0 | D:1      | Reached XP level 1. HP: 10/10 MP: 3/3
   490 | D:1      | Reached XP level 2. HP: 12/15 MP: 1/5
   771 | D:1      | Reached skill level 1 in Conjurations
  1340 | D:2      | Reached XP level 3. HP: 19/19 MP: 1/6
  1347 | D:2      | Learned a level 3 spell: Mephitic Cloud
  2080 | D:2      | Reached XP level 4. HP: 18/24 MP: 5/7
  2253 | D:2      | Reached skill level 1 in Air Magic
  2319 | D:2      | HP: 1/24 [adder (2)]
  2320 | D:2      | Slain by an adder

Action                   |  1- 3 |  4- 6 || total
-------------------------+-------+-------++-------
Melee: Unarmed           |    26 |       ||    26
       Dagger            |    36 |       ||    36
       Morningstar       |    39 |     7 ||    46
 Cast: Sting             |    50 |     8 ||    58
       Mephitic Cloud    |     1 |     1 ||     2
  Use: Scroll            |     1 |       ||     1
 Stab: Sleeping          |     4 |       ||     4
  Eat: Pizza             |     1 |       ||     1
       Chunk             |     3 |     1 ||     4
